 Dungeon Crawl Stone Soup version 0.31-a0-1620-gcbf77bbcfc (webtiles) character file.

Game seed: 7798712384687133547

105 Dirtsage the Changeling (level 4, -1/29 HPs)
             Began as an Octopode Shapeshifter on Jan 11, 2024.
             Killed from afar by an orc wizard (11 damage)
             ... with a puff of flame
             ... on level 3 of the Dungeon.
             The game lasted 00:02:55 (2397 turns).

Dirtsage the Changeling (Octopode Shapeshifter)     Turns: 2397, Time: 00:02:56

Health: -1/29      AC:  1    Str: 13    XL:     4   Next: 81%
Magic:  4/4        EV: 10    Int: 12    God:
Gold:   56         SH:  0    Dex: 13    Spells: 3/3 levels left

rFire   . .          .
                       - Unarmed
rCold   . . .        (no shield)
rNeg    . . .        (helmet currently unavailable)
rPois   .            (no amulet)
rElec   .            (no ring)
rCorr   .            (no ring)
SInv    .            (no ring)
Will    .....        (no ring)
Stlth   ++           (no ring)
HPRegen 0.24/turn    (no ring)
MPRegen 0.09/turn    (no ring)
                     (no ring)

%: no passive effects
@: beast-form, constricted
A: beast (slay +2), almost no armour, amphibious, 8 rings, camouflage 1,
gelatinous body 1, (nimble swimmer 1), tentacles
a: Begin Untransformation


You were on level 3 of the Dungeon.
You were a hulking beast.
You visited 1 branch of the dungeon, and saw 3 of its levels.

You collected 84 gold pieces.
You spent 28 gold pieces at shops.

Inventory:

Talismans
 b - a beast talisman
 c - a flux talisman
Wands
 g - a wand of iceblast (10)
Scrolls
 e - a scroll of immolation {unknown}
 f - 3 scrolls of poison
 h - a scroll of enchant armour {unknown}
 i - 2 scrolls of identify
 t - a scroll of teleportation
Potions
 a - a potion of lignification


   Skills:
 + Level 2.0 Fighting
 + Level 2.7 Dodging
 + Level 3.5 Unarmed Combat
 * Level 3.9 Shapeshifting


You had 3 spell levels left.
You didn't know any spells.
Your spell library was empty.

Dungeon Overview and Level Annotations

Branches:
Dungeon (3/15)

Altars:
Kikubaaqudgha

Shops:
D:1 :   D:3 **


Innate Abilities, Weirdness & Mutations

You are a hulking beast.
Your limbs bulge with bestial killing power. (Slay +2)
You cannot wear most types of armour.
You are amphibious.
You can wear up to eight rings at the same time.
Your skin changes colour to match your surroundings (Stealth+).
Your rubbery body absorbs attacks. (AC +1, EV +1)
((You are camouflaged when in or above water. (Stealth+)))
You have tentacles for arms and can constrict up to eight enemies at once.


Message History

The orc wizard flickers and vanishes!
Deactivating autopickup; reactivate with Ctrl-A.
The orc shouts!
You take 3 damage, and have 25/29 hp.
You bludgeon the frilled lizard!
You kill the frilled lizard!
A ball python comes into view.
The orc hits you with a +0 war axe!
You take 7 damage, and have 18/29 hp.
MASSIVE DAMAGE!!
You are too injured to fight recklessly!
You are too injured to fight recklessly!
You are too injured to fight recklessly!
You tentacle-slap the orc. You grab the orc.
You squeeze the orc, but do no damage.
The orc is almost dead.
You constrict the orc.
You kill the orc!
You tentacle-slap something. You completely miss something. Something hits you.
You take 2 damage, and have 17/29 hp.
You barely miss something. You squeeze something.
Something completely misses you.
You bludgeon the orc!
You kill the orc!
Something hits you.
You take 2 damage, and have 15/29 hp.
You completely miss something. Your squeeze misses something.
The ball python bites you. The ball python misses you. Something hits you.
You take 2 damage, and have 13/29 hp.
You barely miss the ball python. Your grab misses the ball python.
The ball python bites you. The ball python grabs you.
The ball python constricts you. Something hits you.
You take 3 damage, and have 10/29 hp.
You barely miss the ball python. Your grab misses the ball python.
Your squeeze misses the ball python. The ball python barely misses you.
The ball python constricts you.
You hear some strange, mumbled words.
A puff of flame appears from out of thin air!
The puff of flame hits you!
You die...

..# .### #.# .... #.# ...#
... #.# .... ##.##.# #..#
#...#?# #..#
#.##.#S..###.###
#.....{h.#§...§#
#######..#.....###
##...._....# #####.....#.#
#...#§.).§#.# ###
#.#####.###.# #..
########.##........# #.#
#...........#..#..## #.#
#.######.####....#######.#


You could see a ball python.

Vanquished Creatures
  4 adders
  A dart slug (D:2)
  A ribbon worm (D:2)
  6 orcs
  5 bats
  An endoplasm (D:2)
  2 giant cockroaches (D:1)
  9 goblins
  5 hobgoblins
  4 ball pythons
  7 frilled lizards
  4 kobolds
  9 rats
58 creatures vanquished.

Notes
Turn   | Place    | Note
-------+----------+-------------------------------------------
     0 | D:1      | Dirtsage the Octopode Shapeshifter began the quest for the
                  | Orb.
     0 | D:1      | Reached XP level 1. HP: 13/13 MP: 1/1
   232 | D:1      | Reached XP level 2. HP: 9/18 MP: 2/2
   552 | D:1      | Reached XP level 3. HP: 8/23 MP: 3/3
   677 | D:1      | Found Zibics's Book Emporium.
  1431 | D:2      | Reached XP level 4. HP: 29/29 MP: 4/4
  1932 | D:3      | Found Tuthreas's General Store.
  1948 | D:3      | Bought a scroll of identify for 28 gold pieces
  2084 | D:3      | Found a faded altar of an unknown god.
  2084 | D:3      | Noticed an Ice Fiend
  2139 | D:3      | Found Kemiv's Assorted Antiques.
  2265 | D:3      | Found an ancient bone altar of Kikubaaqudgha.
  2397 | D:3      | Killed from afar by an orc wizard

Illustrated notes

Levels and vault maps discovered:
D:1:      erik_arrival_cave_to_civilisation [erik_arrival_cave_to_hall],
          layout_basic, serial_shops, shop, solitary_fountain
D:2:      layout_basic, minmay_crystal_room, minivault_24
D:3:      layout_loops_corners, nicolae_kikubaaqudgha_miasma_corner,
          nicolae_overflow_ecumenical_swirl, serial_shops, shop, shop,
          nicolae_shop_tiny_glass, dreamdust_ecumenical_altar_sealed_demon,
          uniq_crazy_yiuf_cottage

Skill      XL: |  1  2  3  4 |
---------------+-------------+-----
Fighting       | 2 |  2.0
Dodging        | |  2.7
Unarmed Combat | |  3.5
Shapeshifting  | |  3.9

Action                     |  1- 3 |  4- 6 || total
---------------------------+-------+-------++-------
  Melee: Unarmed           |    67 |    30 ||    97
         Constrict         |    18 |     6 ||    24
         Tentacles         |     7 |     8 ||    15
         Punch             |     1 |     1 ||     2
    Use: Potion            |     1 |       ||     1
         Scroll            |       |     2 ||     2
   Stab: Sleeping          |     3 |     5 ||     8
 Armour: Skin              |    21 |    17 ||    38
  Dodge: Dodged            |    36 |     9 ||    45

Table legend: (Time is in decaauts)
 A = Elapsed time spent in this place.
 B = Non-inter-level travel time spent in this place.
 C = Inter-level travel time spent in this place.
 D = Time resting spent in this place.
 E = Time spent auto-exploring this place.
 F = Levels seen in this place.
 G = Mean time per level.
                   A        B        C        D        E       F      G
               +--------+--------+--------+--------+--------+-----+--------+
         Total |   2390 |   2337 |     53 |    100 |   1949 |   3 |  796.7 |
       Dungeon |   2390 |   2337 |     53 |    100 |   1949 |   3 |  796.7 |
               +--------+--------+--------+--------+--------+-----+--------+

Top non-repeatable levels by time:
     D:2: 957 daAuts
     D:1: 900 daAuts
     D:3: 533 daAuts
